 Dungeon Crawl Stone Soup version 0.29-a0-322-g68df515428 (webtiles) character file.

Game seed: 2931794515985170412

13 Hubjo the Digger (level 2, 0/16 HPs)
             Began as a Gargoyle Earth Elementalist on Apr 8, 2022.
             Slain by a quokka (2 damage)
             ... on level 1 of the Dungeon.
             The game lasted 00:01:02 (1015 turns).

Hubjo the Digger (Gargoyle Earth Elementalist)      Turns: 1015, Time: 00:01:02

Health: 0/16       AC:  4    Str: 11    XL:     2   Next: 37%
Magic:  5/5        EV: 11    Int: 15    God:
Gold:   19         SH:  0    Dex: 10    Spells: 4/5 levels left

rFire   + . .      SeeInvis .   (no weapon)
rCold   + . .      Faith    .   (no shield)
rNeg    + . .      Spirit   .   b - +0 robe
rPois   ∞          Reflect  .   (no helmet)
rElec   +          Harm     .   (no cloak)
rCorr   +          Rampage  .   (no gloves)
Will    .....                   (no boots)
Stlth   ++........              (no amulet)
HPRegen 0.05/turn               (no ring)
MPRegen 0.09/turn               (no ring)

@: brilliant, resistant
A: sickness immunity, AC +2, negative energy resistance 1, electricity
resistance, torment resistance 1, petrification resistance
a: no special abilities


You were on level 1 of the Dungeon.
You visited 1 branch of the dungeon, and saw 1 of its levels.

You collected 19 gold pieces.

Inventory:

Missiles
 a - 60 stones
Armour
 b - a +0 robe (worn)
Scrolls
 e - a scroll of identify {unknown}
Potions
 c - a potion of magic


   Skills:
 * Level 1.0 Fighting
 - Level 1.5 Dodging
 * Level 2.6 Stealth
 + Level 2.1 Spellcasting
 + Level 0.9 Transmutations
 + Level 3.8 Earth Magic


You had 4 spell levels left.
You knew the following spells:

 Your Spells              Type           Power      Damage    Failure   Level
a - Sandblast             Erth           38%        2d10      4%          1

Your spell library contained the following spells:

 Spells                   Type           Power      Damage    Failure   Level
 Passwall                 Tmut/Erth      10%        N/A       13%         2
 Freeze                   Ice            8%         1d3       22%         1
 Shock                    Conj/Air       8%         1d3       22%         1
 Stone Arrow              Conj/Erth      20%        3d8       30%         3
 Frozen Ramparts          Ice            4%         1d2       54%         3
 Swiftness                Air            2%         N/A       54%         3
 Petrify                  Tmut/Erth      13%        N/A       63%         4
 Ice Form                 Ice/Tmut       4%         N/A       87%         4
 Airstrike                Air            1%         N/A       91%         4
 Hailstorm                Conj/Ice       2%         3d3       91%         4
 Summon Ice Beast         Ice/Summ       2%         N/A       91%         4


Dungeon Overview and Level Annotations

Branches:
Dungeon (1/15)

Altars:


Innate Abilities, Weirdness & Mutations

You are immune to sickness and miasma.
Your stone body is resilient. (AC +2)
You are immune to poison.
You resist negative energy. (rN+)
You are resistant to electric shocks. (rElec)
You are resistant to unholy torment.
You are immune to petrification.


Message History

You are too injured to fight recklessly!
You are too injured to fight recklessly!
You are too injured to fight recklessly!
You are too injured to fight recklessly!
You are too injured to fight recklessly!
You are too injured to fight recklessly!
You are too injured to fight recklessly!
You are too injured to fight recklessly!
You are too injured to fight recklessly!
You are too injured to fight recklessly!
You are too injured to fight recklessly!
You are too injured to fight recklessly!
You are too injured to fight recklessly!
You hit the quokka but do no damage. The bat closely misses you. x2
The quokka bites you. x2
* * * LOW HITPOINT WARNING * * *
You hit the quokka.
The quokka is lightly wounded.
The bat barely misses you.
The quokka bites you but does no damage.
It was a potion of brilliance.
You feel clever all of a sudden. The bat hits you but does no damage.
The jackal bites you but does no damage.
The quokka closely misses you.
It was a potion of resistance.
You feel protected. The jackal barely misses you.
The bat hits you but does no damage.
The quokka bites you but does no damage.
The jackal misses you. The bat hits you but does no damage.
You hit the quokka but do no damage.
The quokka is lightly wounded.
The bat hits you.
* * * LOW HITPOINT WARNING * * *
The quokka bites you but does no damage.
The jackal closely misses you.
You barely miss the quokka.
The quokka is lightly wounded.
The bat completely misses you. The quokka bites you.
You die...

#..# ## #.##.. ....
... #.##.###..#
###.##..... ...#
#.........###..# #
#..............##.# .
##.#..#....#
#.)...##..
.......b...#
#..#.....#
#...?r@...###..#......
......hh#..........#
................##.#
....#.#.#..###..##.#
.#.................#
......#.##.####.##.#
....###.##.# #.##.#
... #.##.# #..#.# #.
###.#.#


You could see a quokka, 2 jackals and a bat.

Vanquished Creatures
  A bat (D:1)
  An endoplasm (D:1)
  A giant cockroach (D:1)
  A goblin (D:1)
  2 hobgoblins (D:1)
  2 jackals (D:1)
  A frilled lizard (D:1)
  2 rats (D:1)
11 creatures vanquished.

Notes
Turn   | Place    | Note
-------+----------+-------------------------------------------
     0 | D:1      | Hubjo the Gargoyle Earth Elementalist began the quest for
                  | the Orb.
     0 | D:1      | Reached XP level 1. HP: 10/10 MP: 3/3
   442 | D:1      | Reached XP level 2. HP: 16/16 MP: 5/5
   714 | D:1      | Reached skill level 1 in Fighting
  1015 | D:1      | Slain by a quokka

Illustrated notes

Levels and vault maps discovered:
D:1:      erik_arrival_blinker_ship, layout_basic

Skill      XL: |  1  2 |
---------------+-------+-----
Fighting       | 1 |  1.0
Dodging        | |  1.5
Stealth        | |  2.6
Spellcasting   | |  2.1
Transmutations | |  0.9
Earth Magic    | |  3.8

Action                   || total
-------------------------++-------
Melee: Unarmed           ||   141
  Use: Potion            ||     2
 Stab: Sleeping          ||     1
Armor: Robe              ||    70
Dodge: Dodged            ||   118

Table legend: (Time is in decaauts)
 A = Elapsed time spent in this place.
 B = Non-inter-level travel time spent in this place.
 C = Inter-level travel time spent in this place.
 D = Time resting spent in this place.
 E = Time spent auto-exploring this place.
 F = Levels seen in this place.
 G = Mean time per level.
                   A        B        C        D        E       F      G
               +--------+--------+--------+--------+--------+-----+--------+
         Total |   1015 |   1015 |      0 |      0 |    804 |   1 | 1015.0 |
       Dungeon |   1015 |   1015 |      0 |      0 |    804 |   1 | 1015.0 |
               +--------+--------+--------+--------+--------+-----+--------+

Top non-repeatable levels by time:
     D:1: 1015 daAuts
